 Dungeon Crawl Stone Soup version 0.31.0-11-ge490571c62 (webtiles) character file.

Game seed: 14477580541505472851

105 qw the Ducker (level 4, 0/22 HPs)
             Began as a Spriggan Hunter on Feb 5, 2024.
             Slain by an endoplasm (1 damage)
             ... on level 2 of the Dungeon.
             The game lasted 00:00:30 (931 turns).

qw the Ducker (Spriggan Hunter)                      Turns: 931, Time: 00:00:31

Health: 0/22       AC:  3    Str:  7    XL:     4   Next: 54%
Magic:  5/5        EV: 20    Int: 10    God:
Gold:   937        SH:  0    Dex: 20    Spells: 3/3 levels left

rFire   . . .        a - +0 shortbow
rCold   . . .        (shield currently unavailable)
rNeg    . . .        c - +0 robe
rPois   .            (helmet restricted)
rElec   .            e - +0 cloak
rCorr   .            (gloves unavailable)
SInv    +            (boots unavailable)
Will    .....        (no amulet)
Stlth   ++           (no ring)
HPRegen 0.23/turn    (no ring)
MPRegen 0.09/turn

%: no passive effects
@: very quick
A: very small, no large weapons, unfitting armour, see invisible, speed 3
a: no special abilities


You were on level 2 of the Dungeon.
You visited 1 branch of the dungeon, and saw 2 of its levels.

You collected 937 gold pieces.


Innate Abilities, Weirdness & Mutations

You are very small and have problems with some larger weapons.
You are too small for most types of armour.
You have supernaturally acute eyesight. (SInv)
You cover ground extremely quickly. (Speed+++)


   Skills:
 + Level 1.6 Fighting
 - Level 5.0 Ranged Weapons
 - Level 5.1 Dodging
 - Level 1.5 Stealth


You had 3 spell levels left.
You didn't know any spells.
Your spell library was empty.

Inventory:

Hand Weapons
 a - a +0 shortbow (weapon)
Armour
 c - a +0 robe (worn)
 e - a +0 cloak (worn)
Potions
 b - a potion of enlightenment {unknown}
 d - a potion of cancellation
 f - a potion of berserk rage {unknown}
 g - a potion of might {unknown}
 h - a potion of degeneration {unknown}
 i - a potion of mutation {unknown}

Dungeon Overview and Level Annotations

Branches:
Dungeon (2/15)

Altars:
Ashenzari
Nemelex Xobeh
Okawaru
Qazlal
Vehumet
Xom


Message History

The endoplasm barely misses you.
You shoot an arrow. The arrow hits the endoplasm.
You kill the endoplasm!
The endoplasm freezes you.
You are frozen.
The endoplasm hits the toadstool. x2
The toadstool is destroyed!
You shoot an arrow. The arrow barely misses the jelly.
The arrow hits the endoplasm.
The endoplasm is moderately wounded.
The endoplasm hits the toadstool.
The toadstool is destroyed!
The endoplasm hits the fungus.
The fungus begins to die.
You shoot an arrow. The arrow hits the jelly.
The jelly is moderately wounded.
The endoplasm hits the fungus.
The jelly barely misses you.
The endoplasm hits the fungus.
You shoot an arrow. The arrow hits the jelly.
The jelly is heavily wounded.
The jelly hits you.
You are splashed with acid!
The endoplasm hits the fungus. x2
You shoot an arrow. The arrow barely misses the jelly.
The arrow hits the endoplasm!
You kill the endoplasm!
The endoplasm hits the fungus. x2; The jelly closely misses you.
You shoot an arrow. The arrow hits the jelly!
The jelly is almost dead.
The endoplasm hits the fungus. x2; The jelly barely misses you.
You shoot an arrow. The arrow hits the jelly!
You kill the jelly!
A nearby fungus withers and dies.
The endoplasm freezes you.
You are frozen.
The endoplasm misses you.
The endoplasm hits you but does no damage.
Your Dodging skill increases to level 5!
You shoot an arrow. The arrow hits the endoplasm!
You kill the endoplasm!
The endoplasm completely misses you. The endoplasm barely misses you.
You shoot an arrow. The arrow hits the endoplasm.
The endoplasm is moderately wounded.
The endoplasm hits you.
You die...

########## ###
[...._...#
..######
..._.%..%#
.......#
..._._.P%#
#.######
..%_.P%..# #.#
.........#
#.######
....._JJJ#
.......# #######@#
#.####.###....).##
#.# #..##.########
#.###..###..'....#
#....<.######....#
..%.....##.......#
#..##.).##.......#
#..##.#.##.......#
#..##.#.##..).)..#


You could see 3 endoplasms.

Vanquished Creatures
  A jelly (D:2)
  2 adders (D:2)
  9 bats
  10 endoplasms
  3 giant cockroaches
  7 goblins
  4 hobgoblins
  7 kobolds
  A quokka (D:1)
  A ball python (D:1)
  4 frilled lizards
  2 rats (D:1)
51 creatures vanquished.

Notes
Turn   | Place    | Note
-------+----------+-------------------------------------------
     0 | D:1      | qw the Spriggan Hunter began the quest for the Orb.
     0 | D:1      | Reached XP level 1. HP: 10/10 MP: 2/2
     0 | D:1      | 0 ||| qw: Version: 0.3-a-160-g6735b56
     0 | D:1      | 0 ||| qw: Game counter: 6326
     0 | D:1      | 0 ||| qw: Melee chars always use a shield: true
     0 | D:1      | 0 ||| qw: God list: Okawaru
     0 | D:1      | 0 ||| qw: Allow faded altars: false
     0 | D:1      | 0 ||| qw: Do Orc after clearing Dungeon:15 true
     0 | D:1      | 0 ||| qw: Do second Lair branch before Depths: true
     0 | D:1      | 0 ||| qw: Lair rune preference: random
     0 | D:1      | 0 ||| qw: Goals: Normal
     0 | D:1      | 0 ||| PLANNING D:1-11
     6 | D:1      | Noticed a komodo dragon
     6 | D:1      | Noticed a lindwurm
     6 | D:1      | Noticed a wolf
     7 | D:1      | Noticed a killer bee
     7 | D:1      | Noticed a polar bear
    42 | D:1      | Reached skill level 3 in Dodging
   127 | D:1      | Reached XP level 2. HP: 14/14 MP: 3/3
   330 | D:1      | Reached XP level 3. HP: 18/18 MP: 4/4
   591 | D:1      | 591 ||| UPGRADING to +0 cloak.
   596 | D:1      | 596 ||| READING scroll labelled ACWAHUTODU.
   601 | D:1      | 601 ||| READING scroll labelled KUAMNEKINOI.
   601 | D:1      | Identified a scroll of acquirement
   601 | D:1      | 601 ||| ACQUIRING 857 gold pieces
   601 | D:1      | Acquired 857 gold pieces
   603 | D:1      | 603 ||| READING scroll labelled ZOGAUKH KYUZ.
   603 | D:1      | 603 ||| IDENTIFYING white potion
   604 | D:1      | 604 ||| DROPPING scroll of butterflies.
   638 | D:2      | 638 ||| STAIRDANCE
   717 | D:2      | Found a faded altar of an unknown god.
   917 | D:2      | Found a broken altar of Ashenzari.
   917 | D:2      | Found a sparkling altar of Nemelex Xobeh.
   917 | D:2      | Found an iron altar of Okawaru.
   917 | D:2      | Found a stormy altar of Qazlal.
   917 | D:2      | Found a shimmering altar of Xom.
   917 | D:2      | Found a radiant altar of Vehumet.
   918 | D:2      | 918 ||| PLANNING OKAWARU WORSHIP
   919 | D:2      | Reached XP level 4. HP: 22/22 MP: 5/5
   926 | D:2      | HP: 1/22 [acid (9)]
   931 | D:2      | Slain by an endoplasm

Levels and vault maps discovered:
D:1:      onia_arrival_zoo_common, layout_loops_ring, st_stairs_7
D:2:      cheibrodos_fertilizer, layout_loops_ring, serial_rivers,
          chequers_serial_rivers_marsh, chequers_serial_rivers_micro_b,
          chequers_serial_rivers_small_3, chequers_serial_rivers_micro_a,
          chequers_serial_rivers_large_a, chequers_serial_rivers_marsh,
          serial_shops, shop, chequers_ecumenical_altar_simple

Skill      XL: |  1  2  3  4 |
---------------+-------------+-----
Dodging        | 3 4 5 |  5.1
Ranged Weapons | 5 |  5.0
Fighting       | |  1.6
Stealth        | |  1.5

Action                     |  1- 3 |  4- 6 || total
---------------------------+-------+-------++-------
   Fire: Shortbow          |   114 |    13 ||   127
    Use: Scroll            |     3 |       ||     3
 Armour: Robe              |     5 |     4 ||     9
  Dodge: Dodged            |    31 |     7 ||    38

Table legend:
 A = Non-vault XP
 B = Vault XP
 C = Vault XP percentage of total XP
 D = Non-vault monster count
 E = Vault monster count
 F = Vault count percentage of total count
                 A         B        C        D         E       F
            +---------+---------+-------+---------+---------+-------
      Total |      87 |      64 |  42.4 |      39 |      12 |  23.5
            +---------+---------+-------+---------+---------+-------
        D:1 |      45 |       1 |   2.2 |      27 |       1 |   3.6
        D:2 |      42 |      63 |  60.0 |      12 |      11 |  47.8
            +---------+---------+-------+---------+---------+-------
